 Dungeon Crawl Stone Soup version 0.21.0-3-g78d12a8 (webtiles) character file.

1563 Monsterracer the Tainter (level 8, 0/42 HPs)
             Began as a Deep Elf Venom Mage on Jan 16, 2018.
             Killed from afar by an orc wizard (9 damage)
             ... with a magic dart
             ... on level 6 of the Dungeon.
             The game lasted 00:13:54 (8298 turns).

Monsterracer the Tainter (Deep Elf Venom Mage)      Turns: 8298, Time: 00:13:55

Health: 0/42       AC:  9    Str:  5    XL:     8   Next: 58%
Magic:  17/20      EV: 12    Int: 23    God:
Gold:   441        SH:  0    Dex: 15    Spells: 7/20 levels left

rFire    + . .     SeeInvis .   j - +1 short sword
rCold    . . .     Gourm    .   (no shield)
rNeg     . . .     Faith    .   y - +0 troll leather armour
rPois    .         Spirit   .   s - +0 helmet
rElec    .         Reflect  .   u - +1 cloak
rCorr    .         Harm     .   n - +1 pair of gloves
MR       .....                  (no boots)
Stlth    ++........             (no amulet)
HPRegen  0.54/turn              i - ring of protection from fire {!d}
MPRegen  0.17/turn              (no ring)

@: about to teleport
A: no striking features
a: no special abilities


You were on level 6 of the Dungeon.
You were not hungry.

You visited 1 branch of the dungeon, and saw 6 of its levels.

You collected 441 gold pieces.

Inventory:

Hand Weapons
 j - a +1 short sword (weapon)
Armour
 a - a +0 robe
 e - a +0 leather armour of magic resistance
 n - a +1 pair of gloves (worn)
 r - a scarf of repulsion
 s - a +0 helmet (worn)
 u - a +1 cloak (worn)
 y - a +0 troll leather armour (worn)
Jewellery
 i - a ring of protection from fire (left hand) {!d}
Wands
 o - a wand of scattershot (3)
 p - a wand of polymorph (10)
Scrolls
 f - 4 scrolls of remove curse
 g - a scroll of magic mapping {!r}
 h - 2 scrolls of teleportation
 q - a scroll of enchant weapon
 t - a scroll of amnesia
Potions
 b - a potion of resistance {unknown}
 d - a potion of mutation {unknown}
 k - 2 potions of lignification {unknown}
 l - 2 potions of invisibility
 m - 7 potions of curing
 v - a potion of flight
 w - 3 potions of heal wounds
 x - 3 potions of degeneration {unknown}
Comestibles
 c - 9 rations
 z - a chunk of flesh


   Skills:
 + Level 0.3 Fighting
 + Level 2.6 Dodging
 - Level 2.4 Stealth
 + Level 6.8 Spellcasting
 * Level 7.4 Conjurations
 * Level 8.2 Poison Magic


You had 7 spell levels left.
You knew the following spells:

 Your Spells              Type           Power        Failure   Level  Hunger
a - Sting                 Conj/Pois      ####         1%          1    None
b - Olgreb's Toxic Radia  Pois           #####...     4%          4    ###....
c - Mephitic Cloud        Conj/Pois/Air  ####....     4%          3    None
d - Venom Bolt            Conj/Pois      #####.....   14%         5    #####..


Dungeon Overview and Level Annotations

Branches:
Dungeon (6/15)
 Temple: D:4-7

Altars:
Cheibriados
Dithmenos
Elyvilon
Makhleb
Nemelex Xobeh
Ru
Yredelemnul

Annotations:
D:4 Feta's ghost, novice FoFi


Message History

The orc priest hits the orc with a dagger.
The orc is killed!
An orc warrior comes into view. It is wielding a short sword.
The orc warrior is engulfed in noxious fumes.
The orc warrior appears confused.
The orc priest is engulfed in noxious fumes.
The orc priest appears confused.
Casting: Mephitic Cloud
Confirm with . or Enter, or press ? or * to list all spells.
Aiming: Sting
Press: ? - help, Shift-Dir - straight line, f/p - orc priest
Aim: an orc priest, wielding a dagger and wearing a leather armour (noxious fumes, moderately wounded, confused)
The sting hits the orc priest.
The orc priest is poisoned.
The orc priest is heavily wounded.
The orc priest is engulfed in noxious fumes.
The orc priest appears confused.
The orc warrior is engulfed in noxious fumes.
The orc warrior appears confused.
You now have 16/20 mp.
Casting: Sting
Confirm with . or Enter, or press ? or * to list all spells.
Aiming: Sting
Press: ? - help, Shift-Dir - straight line, f/p - orc priest
Aim: an orc priest, wielding a dagger and wearing a leather armour (noxious fumes, heavily wounded, poisoned, confused)
The sting hits the orc priest.
The orc priest is severely wounded.
The orc priest is engulfed in noxious fumes.
The orc priest appears confused.
You now have 15/20 mp.
Casting: Sting
Confirm with . or Enter, or press ? or * to list all spells.
Aiming: Sting
Press: ? - help, Shift-Dir - straight line, f - orc warrior, p - orc priest
Aim: an orc warrior, wielding a short sword and wearing a chain mail (noxious fumes, lightly wounded, confused)
The sting hits the orc warrior.
The orc warrior is lightly wounded.
The orc warrior is engulfed in noxious fumes.
The orc warrior appears confused.
You hit the orc priest.
You kill the orc priest!
Your troll leather armour prevents you from hitting the orc warrior.
The orc warrior is lightly wounded.
The orc warrior chortles and stares into space.
The orc warrior hits you but does no damage.
You strike the helpless orc warrior from behind!
You hit the orc warrior.
The orc warrior is moderately wounded.
You hit the orc warrior but do no damage.
The orc warrior is moderately wounded.
An orc wizard comes into view. It is wielding a dagger.
You catch the helpless orc warrior completely off-guard!
You hit the orc warrior.
The orc warrior is heavily wounded.
The orc wizard shouts!
You hit the orc warrior but do no damage.
The orc warrior is heavily wounded.
You hear a shout!
Casting: Sting
Confirm with . or Enter, or press ? or * to list all spells.
Aiming: Sting
Press: ? - help, Shift-Dir - straight line, p - orc warrior The orc wizard hits you with a dagger.
The orc warrior closely misses you.
An orc priest comes into view.
You take 3 damage, and have 30/42 hp.
You now have 15/20 mp.
Casting: Sting
Confirm with . or Enter, or press ? or * to list all spells.
Aiming: Sting
Press: ? - help, Shift-Dir - straight line, f - orc wizard
Aim: an orc wizard, wielding a dagger and wearing a robe The sting hits the orc wizard.
The orc wizard is lightly wounded.
The orc wizard points at you and mumbles some strange words.
The magic dart hits you!
The orc priest calls down the wrath of Beogh upon you.
Beogh smites you!
* * * LOW HITPOINT WARNING * * *
You take 19 damage, and have 11/42 hp.
MASSIVE DAMAGE!!
You now have 14/20 mp.
The orc wizard casts a spell.
The orc wizard seems to speed up.
The orc priest mumbles some strange prayers to Beogh against you.
Pain shoots through your body!
* * * LOW HITPOINT WARNING * * *
You take 7 damage, and have 5/42 hp.
The orc wizard mumbles some strange words.
The orc wizard blinks!
The orc wizard mumbles some strange words.
The orc wizard blinks!
The orc wizard hits you but does no damage.
The orc wizard hits you with a dagger.
* * * LOW HITPOINT WARNING * * *
You take 1 damage, and have 7/42 hp.
The orc wizard gestures wildly while chanting.
The orc wizard blinks!
You barely miss the orc wizard.
The orc wizard hits you but does no damage.
As you read the scroll of teleportation, it crumbles to dust.
You feel strangely unstable.
The orc wizard points at you and mumbles some strange words.
The magic dart hits you!
You die...

##.......##
##..# ##.....##
##.# ##...## #.#
##'## #.# #.#
#o# #.# #.#
##.## #.#
##...#########.#
#..........o@..#
##...#.#.#######
#..##.#.#
####.###.#.#
.........#.#
####.......#
#########


You could see an orc wizard.

Vanquished Creatures
  Pikel (D:4)
  Eustachio (D:4)
  2 scorpions
  A jelly (D:4)
  A howler monkey (D:5)
  3 crimson imps
  2 hounds
  2 bullfrog skeletons
  3 orc priests
  Crazy Yiuf (D:2)
  4 orc wizards
  Jessica (D:2)
  Natasha (thrice) (D:2)
  2 worker ants
  A hound skeleton (D:4)
  Robin (D:2)
  6 adders
  2 shadow imps
  2 oozes
  An adder skeleton (D:5)
  A worm (D:5)
  5 leopard geckos
  12 orcs
  2 ball pythons
  3 giant cockroaches
  17 goblins
  8 hobgoblins
  8 jackals
  7 kobolds
  A quokka (D:3)
  13 bats
  4 frilled lizards
  7 rats
128 creatures vanquished.

Vanquished Creatures (others)
  A slave (D:4)
  A howler monkey (D:4)
  2 orcs (D:4)
4 creatures vanquished.

Grand Total: 132 creatures vanquished

Notes
Turn   | Place    | Note
-------+----------+-------------------------------------------
     0 | D:1      | Monsterracer the Deep Elf Venom Mage began the quest for the Orb.
     0 | D:1      | Reached XP level 1. HP: 10/10 MP: 6/6
   186 | D:1      | Reached XP level 2. HP: 15/15 MP: 0/8
   741 | D:1      | HP: 7/15 [goblin/club (3)]
   750 | D:1      | HP: 7/15 [bat (1)]
   768 | D:1      | HP: 7/15 [jackal (1)]
  1191 | D:1      | Reached XP level 3. HP: 19/19 MP: 7/9
  1196 | D:1      | Learned a level 3 spell: Mephitic Cloud
  1462 | D:2      | Noticed Jessica
  1466 | D:2      | Killed Jessica
  1466 | D:2      | Reached skill level 4 in Poison Magic
  1588 | D:2      | Found a white marble altar of Elyvilon.
  1700 | D:2      | Found a sparkling altar of Nemelex Xobeh.
  1720 | D:2      | Found a shadowy altar of Dithmenos.
  1761 | D:2      | Reached XP level 4. HP: 24/24 MP: 8/11
  1806 | D:2      | Learned a level 4 spell: Olgreb's Toxic Radiance
  1859 | D:2      | Noticed Natasha
  1864 | D:2      | Killed Natasha
  2189 | D:2      | Found a faded altar of an unknown god.
  2234 | D:2      | Noticed Robin
  2542 | D:2      | Noticed Natasha
  2544 | D:2      | HP: 8/24 [Natasha/magic dart (8)]
  2554 | D:2      | Killed Natasha
  2554 | D:2      | Reached XP level 5. HP: 10/28 MP: 4/13
  2574 | D:2      | HP: 10/28 [Robin/dagger (2)]
  2578 | D:2      | HP: 4/28 [goblin[Robin] (5)]
  2593 | D:2      | Killed Robin
  2888 | D:2      | Found a runed door.
  2951 | D:2      | Noticed Natasha
  2957 | D:2      | Killed Natasha
  3197 | D:2      | Noticed Crazy Yiuf
  3203 | D:2      | Killed Crazy Yiuf
  3203 | D:2      | Reached skill level 5 in Poison Magic
  4239 | D:4      | Learned a level 5 spell: Venom Bolt
  4288 | D:4      | Reached XP level 6. HP: 32/32 MP: 6/14
  4306 | D:3      | HP: 15/32 [orc/club (2)]
  4311 | D:3      | HP: 15/32 [orc/club (1)]
  4488 | D:4      | HP: 5/32 [orc priest/divine providence (14)]
  4710 | D:4      | Found a basalt altar of Yredelemnul.
  4830 | D:4      | Noticed Feta's ghost (novice FoFi)
  4868 | D:4      | Noticed Eustachio
  4880 | D:4      | HP: 13/32 [river rat[Eustachio] (5)]
  5091 | D:4      | HP: 15/32 [something/puff of flame (2)]
  5398 | D:4      | Reached skill level 5 in Spellcasting
  5636 | D:4      | Noticed Pikel
  5639 | D:4      | Noticed a slave
  5641 | D:4      | Noticed a slave
  5649 | D:4      | Noticed a slave
  5653 | D:4      | Killed Pikel
  5653 | D:4      | Reached skill level 7 in Poison Magic
  5653 | D:4      | Reached XP level 7. HP: 36/36 MP: 7/17
  5810 | D:4      | Killed Eustachio
  5810 | D:4      | Reached XP level 8. HP: 30/41 MP: 10/19
  6108 | D:5      | Entered Level 5 of the Dungeon
  7077 | D:5      | Found a snail-covered altar of Cheibriados.
  7078 | D:5      | Found a sacrificial altar of Ru.
  7152 | D:5      | Reached skill level 8 in Poison Magic
  7400 | D:5      | Found a burning altar of Makhleb.
  8283 | D:6      | HP: 11/42 [orc priest/divine providence (12)]
  8286 | D:6      | HP: 5/42 [orc priest/nerve-wracking pain (8)]
  8294 | D:6      | HP: 7/42 [orc wizard/dagger (2)]
  8298 | D:6      | Killed from afar by an orc wizard

Skill      XL: |  1  2  3  4  5  6  7  8 |
---------------+-------------------------+-----
Conjurations   | 2 3 4 6 7 |  7.4
Poison Magic   | 4 5 7 8 |  8.2
Spellcasting   | 4 5 6 |  6.8
Fighting       | |  0.3
Dodging        | |  2.6
Stealth        | |  2.4

Action                   |  1- 3 |  4- 6 |  7- 9 || total
-------------------------+-------+-------+-------++-------
Melee: Short sword       |    21 |    72 |   400 ||   493
       Unarmed           |     3 |       |       ||     3
 Cast: Sting             |    62 |   141 |    93 ||   296
       Mephitic Cloud    |       |     6 |     2 ||     8
       Olgreb's Toxic Ra |       |     2 |     2 ||     4
       Venom Bolt        |       |       |    15 ||    15
  Use: Scroll            |       |    12 |     3 ||    15
 Stab: Sleeping          |     1 |       |     1 ||     2
       Confused          |       |       |     2 ||     2
       Distracted        |       |       |     1 ||     1
  Eat: Chunk             |     2 |    12 |     8 ||    22
       Ration            |       |       |     2 ||     2
Armor: Robe              |    21 |    39 |       ||    60
       Troll leather arm |       |       |   169 ||   169
Dodge: Dodged            |    38 |    81 |   261 ||   380

Vault maps used:
D:1:      mrwooster_arrival_statue
D:2:      grunt_dithmenos_smoke, lemuel_round_altar,
          chequers_ecumenical_altar_grove, nemelex_xobeh_ov_fountains_minmay,
          uniq_robin, uniq_jessica, uniq_natasha, uniq_crazy_yiuf_cottage
D:4:      lemuel_round_altar, uniq_eustachio, uniq_pikel
D:5:      nicolae_overflow_hidden_temple, lemuel_doored_altar, first_ration
